[ AOE2 MATCH · #457082480 ]
1v1 RMTupi vs Aztecs
Player's team · WIN
Rival team · LOSS
[ REPLAY ANALYSIS · EXTRACTED FROM THE RECORDED GAME ]
Feudal
9:54
Castle
21:05
Imperial
—
| APM avg | 41.4 |
| APM peak | 81 |
| eAPM avg | 19.0 |
| Villagers / military | 113 / 5 |
Focus
⚔️ 25.9% · 🌾 74.1%
Unknown (2550) ×64 · Unknown (2579) ×9 · Mangonel ×3 · Battering Ram ×1 · Monk ×1
Feudal
8:51
Castle
19:05
Imperial
34:31
| APM avg | 64.6 |
| APM peak | 103 |
| eAPM avg | 28.0 |
| Villagers / military | 107 / 63 |
Focus
⚔️ 31.4% · 🌾 68.6%
Archer ×38 · Eagle Scout ×21 · Monk ×4
Match map
Initial resources + every placement click. Lines = walls · curves = elevation contours. ◆ gold · ⬟ stone · ● berries · ✦ relic · ◌ wall gap
Your base· ✓ Closed at 21:05 · 25t walls · 1 gate(s)
Raez's base· ✓ Closed at 19:05 · 45t walls · 1 gate(s)
Smoothed initial terrain · ◌ = detected wall gap · hover for details
Inputs per minute
— IKissedUrDad - - Raez
Build order — IKissedUrDad
First 150 of 321 actions detected
| 0:03 | Create | Villager (Male) |
| 0:03 | Create | Villager (Male) |
| 0:03 | Create | Villager (Male) |
| 0:03 | Create | Villager (Male) |
| 0:04 | Create | Villager (Male) |
| 0:06 | Build | House |
| 0:07 | Build | House |
| 1:25 | Create | Villager (Male) |
| 1:25 | Create | Villager (Male) |
| 1:39 | Create | Villager (Male) |
| 1:40 | Create | Villager (Male) |
| 1:40 | Create | Villager (Male) |
| 2:05 | Create | Villager (Male) |
| 2:06 | Create | Villager (Male) |
| 2:26 | Build | Settlement |
| 2:27 | Create | Villager (Male) |
| 2:27 | Create | Villager (Male) |
| 3:16 | Create | Villager (Male) |
| 3:16 | Create | Villager (Male) |
| 4:05 | Create | Villager (Male) |
| 4:06 | Create | Villager (Male) |
| 4:30 | Create | Villager (Male) |
| 4:30 | Create | Villager (Male) |
| 5:27 | Build | Barracks |
| 5:29 | Build | House |
| 5:36 | Create | Villager (Male) |
| 5:39 | Create | Villager (Male) |
| 6:03 | Create | Villager (Male) |
| 6:28 | Build | Settlement |
| 6:50 | Create | Villager (Male) |
| 6:52 | Build | House |
| 6:54 | Build | Palisade Wall |
| 6:56 | Research | Loom |
| 7:44 | Research | Feudal Age |
| 8:00 | Build | House |
| 8:13 | Build | Settlement |
| 8:17 | Create | Unit 2550 |
| 8:23 | Create | Unit 2550 |
| 8:33 | Build | Palisade Wall |
| 8:37 | Create | Villager (Male) |
| 9:16 | Create | Unit 2550 |
| 9:23 | Create | Villager (Male) |
| 9:50 | Build | House |
| 9:54 | Age | Feudal Age |
| 10:11 | Research | Tech 1402 |
| 10:13 | Research | Double-Bit Axe |
| 10:16 | Build | House |
| 10:18 | Build | House |
| 10:30 | Build | House |
| 10:36 | Create | Villager (Male) |
| 10:43 | Research | Horse Collar |
| 10:53 | Build | Outpost |
| 10:54 | Create | Villager (Male) |
| 10:57 | Build | Farm |
| 10:59 | Build | Farm |
| 11:01 | Build | Farm |
| 11:04 | Create | Villager (Male) |
| 11:09 | Build | Palisade Wall |
| 11:30 | Build | House |
| 11:39 | Create | Villager (Male) |
| 11:59 | Build | Outpost |
| 12:00 | Create | Villager (Male) |
| 12:03 | Build | Farm |
| 12:06 | Build | Farm |
| 12:11 | Create | Villager (Male) |
| 12:17 | Build | Outpost |
| 12:22 | Build | House |
| 12:23 | Build | House |
| 12:26 | Build | Palisade Wall |
| 12:27 | Create | Villager (Male) |
| 12:52 | Create | Villager (Male) |
| 13:00 | Build | Farm |
| 13:00 | Build | Farm |
| 13:03 | Build | Farm |
| 13:06 | Create | Villager (Male) |
| 13:10 | Build | House |
| 13:19 | Create | Villager (Male) |
| 13:42 | Build | Market |
| 13:46 | Create | Villager (Male) |
| 13:48 | Create | Unit 2550 |
| 14:01 | Research | Town Watch |
| 14:09 | Create | Villager (Male) |
| 14:13 | Build | House |
| 14:20 | Build | House |
| 14:26 | Create | Villager (Male) |
| 14:30 | Build | Farm |
| 14:34 | Build | Farm |
| 14:39 | Research | Arson |
| 14:42 | Create | Villager (Male) |
| 14:52 | Build | Outpost |
| 14:58 | Build | Farm |
| 15:13 | Create | Villager (Male) |
| 15:18 | Build | Farm |
| 15:27 | Build | House |
| 15:44 | Research | Wheelbarrow |
| 16:01 | Build | Farm |
| 16:04 | Build | Farm |
| 16:17 | Build | Blacksmith |
| 16:23 | Build | Farm |
| 16:25 | Create | Villager (Male) |
| 17:30 | Build | Settlement |
| 17:32 | Create | Villager (Male) |
| 17:39 | Build | Barracks |
| 18:25 | Research | Castle Age |
| 18:30 | Research | Scale Mail Armor |
| 18:36 | Create | Unit 2550 |
| 18:36 | Create | Unit 2550 |
| 18:57 | Build | Outpost |
| 19:00 | Create | Villager (Male) |
| 19:22 | Create | Unit 2550 |
| 19:23 | Create | Unit 2550 |
| 19:24 | Create | Villager (Male) |
| 19:34 | Build | House |
| 19:40 | Build | Gate |
| 19:46 | Create | Unit 2550 |
| 19:47 | Create | Unit 2550 |
| 19:54 | Build | Outpost |
| 19:56 | Create | Villager (Male) |
| 20:04 | Build | Farm |
| 20:18 | Create | Unit 2550 |
| 20:18 | Create | Unit 2550 |
| 20:19 | Create | Unit 2550 |
| 21:05 | Age | Castle Age |
| 21:11 | Build | Siege Workshop |
| 21:16 | Research | Tech 1351 |
| 21:17 | Create | Villager (Male) |
| 21:30 | Research | Hand Cart |
| 21:35 | Create | Battering Ram |
| 21:40 | Create | Mangonel |
| 21:50 | Create | Unit 2550 |
| 21:50 | Create | Unit 2550 |
| 21:51 | Create | Unit 2550 |
| 21:51 | Create | Unit 2550 |
| 22:16 | Create | Villager (Male) |
| 22:16 | Create | Villager (Male) |
| 22:23 | Build | Town Center |
| 22:24 | Create | Villager (Male) |
| 22:24 | Create | Villager (Male) |
| 22:39 | Create | Villager (Male) |
| 22:39 | Create | Unit 2550 |
| 22:40 | Create | Unit 2550 |
| 23:06 | Create | Villager (Male) |
| 23:06 | Create | Villager (Male) |
| 23:30 | Create | Villager (Male) |
| 23:30 | Create | Villager (Male) |
| 23:58 | Create | Unit 2550 |
| 23:58 | Create | Unit 2550 |
| 23:59 | Create | Unit 2550 |
| 24:18 | Create | Villager (Male) |
| 24:25 | Research | Chain Mail Armor |
Build order — Raez
First 150 of 341 actions detected
| 0:01 | Create | Villager (Male) |
| 0:02 | Build | House |
| 0:03 | Build | House |
| 0:07 | Create | Villager (Male) |
| 0:07 | Create | Villager (Male) |
| 0:09 | Create | Villager (Male) |
| 0:09 | Create | Villager (Male) |
| 0:09 | Create | Villager (Male) |
| 1:19 | Create | Villager (Male) |
| 2:01 | Create | Villager (Male) |
| 2:02 | Create | Villager (Male) |
| 2:02 | Create | Villager (Male) |
| 2:02 | Create | Villager (Male) |
| 2:23 | Build | Lumber Camp |
| 2:45 | Create | Villager (Male) |
| 2:45 | Create | Villager (Male) |
| 3:20 | Create | Villager (Male) |
| 3:20 | Create | Villager (Male) |
| 3:20 | Create | Villager (Male) |
| 3:20 | Create | Villager (Male) |
| 3:28 | Build | House |
| 3:33 | Build | House |
| 4:00 | Create | Villager (Male) |
| 4:00 | Create | Villager (Male) |
| 4:00 | Create | Villager (Male) |
| 4:12 | Create | Villager (Male) |
| 4:12 | Create | Villager (Male) |
| 4:53 | Build | Mill |
| 4:59 | Create | Villager (Male) |
| 4:59 | Create | Villager (Male) |
| 5:00 | Create | Villager (Male) |
| 5:39 | Create | Villager (Male) |
| 5:39 | Research | Loom |
| 5:39 | Research | Loom |
| 5:40 | Research | Loom |
| 6:40 | Research | Feudal Age |
| 6:40 | Research | Feudal Age |
| 6:43 | Research | Loom |
| 6:43 | Research | Loom |
| 6:52 | Build | House |
| 7:40 | Build | Barracks |
| 8:08 | Build | Palisade Wall |
| 8:18 | Build | Palisade Wall |
| 8:32 | Build | House |
| 8:51 | Age | Feudal Age |
| 8:56 | Build | Archery Range |
| 8:59 | Research | Double-Bit Axe |
| 9:00 | Research | Double-Bit Axe |
| 9:02 | Build | House |
| 9:05 | Create | Villager (Male) |
| 9:34 | Build | Palisade Wall |
| 9:46 | Build | Palisade Wall |
| 9:49 | Create | Villager (Male) |
| 9:58 | Build | Palisade Wall |
| 10:02 | Build | Palisade Wall |
| 10:08 | Create | Villager (Male) |
| 10:17 | Build | House |
| 10:18 | Build | Palisade Wall |
| 10:18 | Build | Palisade Wall |
| 10:19 | Build | Palisade Wall |
| 10:29 | Build | Market |
| 10:30 | Create | Villager (Male) |
| 10:42 | Create | Villager (Male) |
| 10:54 | Build | House |
| 10:56 | Create | Archer |
| 11:19 | Build | House |
| 11:20 | Create | Villager (Male) |
| 11:25 | Create | Archer |
| 11:34 | Build | Blacksmith |
| 11:37 | Build | Blacksmith |
| 11:43 | Create | Villager (Male) |
| 11:50 | Build | Mining Camp |
| 11:53 | Build | House |
| 12:07 | Create | Archer |
| 12:12 | Build | House |
| 12:13 | Create | Villager (Male) |
| 12:35 | Research | Horse Collar |
| 12:35 | Research | Horse Collar |
| 12:49 | Build | Palisade Wall |
| 12:50 | Create | Villager (Male) |
| 12:50 | Create | Villager (Male) |
| 12:50 | Create | Villager (Male) |
| 13:00 | Build | Farm |
| 13:10 | Build | Palisade Wall |
| 13:10 | Build | Palisade Wall |
| 13:15 | Build | Palisade Wall |
| 13:21 | Build | Farm |
| 13:29 | Build | Palisade Wall |
| 13:34 | Build | Palisade Wall |
| 13:36 | Build | Farm |
| 13:39 | Build | Farm |
| 13:41 | Create | Villager (Male) |
| 13:56 | Build | Farm |
| 14:01 | Build | Palisade Wall |
| 14:14 | Build | Palisade Wall |
| 14:15 | Build | Palisade Wall |
| 14:15 | Build | Palisade Wall |
| 14:25 | Create | Villager (Male) |
| 14:27 | Build | Farm |
| 14:39 | Build | Farm |
| 14:49 | Create | Villager (Male) |
| 14:51 | Build | House |
| 15:04 | Create | Villager (Male) |
| 15:06 | Build | House |
| 15:11 | Build | Farm |
| 15:18 | Build | House |
| 15:24 | Build | Palisade Wall |
| 15:33 | Build | Farm |
| 15:47 | Build | Palisade Wall |
| 15:57 | Build | Palisade Wall |
| 15:57 | Build | Palisade Wall |
| 16:00 | Create | Villager (Male) |
| 16:03 | Build | Farm |
| 16:04 | Build | Farm |
| 16:06 | Build | Farm |
| 16:21 | Research | Castle Age |
| 16:21 | Research | Castle Age |
| 16:52 | Research | Gold Mining |
| 16:53 | Research | Gold Mining |
| 16:56 | Create | Archer |
| 17:09 | Build | Archery Range |
| 17:24 | Research | Fletching |
| 17:26 | Create | Archer |
| 17:31 | Build | Farm |
| 17:46 | Build | Farm |
| 17:47 | Build | Farm |
| 17:57 | Create | Archer |
| 17:59 | Create | Eagle Scout |
| 18:02 | Research | Padded Archer Armor |
| 18:02 | Research | Padded Archer Armor |
| 18:25 | Build | Palisade Gate |
| 18:26 | Create | Villager (Male) |
| 18:27 | Create | Archer |
| 18:38 | Create | Archer |
| 18:38 | Create | Archer |
| 18:51 | Research | Town Watch |
| 18:51 | Research | Town Watch |
| 19:04 | Create | Archer |
| 19:04 | Create | Archer |
| 19:05 | Age | Castle Age |
| 19:11 | Build | Monastery |
| 19:44 | Research | Bodkin Arrow |
| 19:44 | Research | Bodkin Arrow |
| 19:50 | Research | Bow Saw |
| 19:51 | Research | Bow Saw |
| 19:52 | Create | Villager (Male) |
| 20:14 | Build | Lumber Camp |
| 20:14 | Create | Villager (Male) |
| 20:28 | Research | Crossbowman (upgrade) |
| 20:28 | Research | Crossbowman (upgrade) |
Match timeline
| 5:27 | IKissedUrDad · first_building Barracks |
| 6:54 | IKissedUrDad · wall_segment Palisade Wall x3 |
| 7:40 | Raez · first_building Barracks |
| 8:08 | Raez · wall_segment Palisade Wall x1 |
| 8:18 | Raez · wall_segment Palisade Wall x3 |
| 8:33 | IKissedUrDad · wall_segment Palisade Wall x9 |
| 8:51 | Raez · age_up feudal |
| 8:56 | Raez · first_building Archery Range |
| 9:34 | Raez · wall_segment Palisade Wall x4 |
| 9:46 | Raez · wall_segment Palisade Wall x6 |
| 9:54 | IKissedUrDad · age_up feudal |
| 9:58 | Raez · wall_segment Palisade Wall x4 |
| 10:02 | Raez · wall_segment Palisade Wall x5 |
| 10:18 | Raez · wall_segment Palisade Wall x1 |
| 10:18 | Raez · wall_segment Palisade Wall x1 |
| 10:19 | Raez · wall_segment Palisade Wall x1 |
| 11:09 | IKissedUrDad · wall_segment Palisade Wall x6 |
| 12:26 | IKissedUrDad · wall_segment Palisade Wall x7 |
| 12:49 | Raez · wall_segment Palisade Wall x2 |
| 13:10 | Raez · wall_segment Palisade Wall x1 |
| 13:10 | Raez · wall_segment Palisade Wall x1 |
| 13:15 | Raez · wall_segment Palisade Wall x1 |
| 13:29 | Raez · wall_segment Palisade Wall x1 |
| 13:34 | Raez · wall_segment Palisade Wall x3 |
| 14:01 | Raez · wall_segment Palisade Wall x3 |
| 14:14 | Raez · wall_segment Palisade Wall x1 |
| 14:15 | Raez · wall_segment Palisade Wall x1 |
| 14:15 | Raez · wall_segment Palisade Wall x1 |
| 15:24 | Raez · wall_segment Palisade Wall x1 |
| 15:47 | Raez · wall_segment Palisade Wall x1 |
| 15:57 | Raez · wall_segment Palisade Wall x1 |
| 15:57 | Raez · wall_segment Palisade Wall x1 |
| 16:13 | Raez · first_market_buy 100 food |
| 19:05 | Raez · age_up castle |
| 19:11 | Raez · first_building Monastery |
| 21:05 | IKissedUrDad · age_up castle |
| 21:11 | IKissedUrDad · first_building Siege Workshop |
| 22:47 | IKissedUrDad · first_market_buy 100 food |
| 24:33 | Raez · wall_segment Palisade Wall x1 |
| 24:34 | Raez · wall_segment Palisade Wall x1 |
| 24:34 | Raez · wall_segment Palisade Wall x1 |
| 24:34 | IKissedUrDad · first_building Monastery |
| 24:35 | Raez · wall_segment Palisade Wall x1 |
| 24:35 | Raez · wall_segment Palisade Wall x1 |
| 25:23 | Raez · first_market_sell 100 food |
| 28:38 | Raez · wall_segment Stone Wall x1 |
| 28:42 | Raez · wall_segment Stone Wall x1 |
| 30:36 | Raez · wall_segment Stone Wall x1 |
| 30:45 | Raez · wall_segment Stone Wall x2 |
| 30:46 | Raez · wall_segment Stone Wall x1 |
| 32:49 | IKissedUrDad · first_building Castle |
| 33:57 | Raez · first_building Castle |
| 34:31 | Raez · age_up imperial |
| 36:13 | IKissedUrDad · first_market_sell 100 wood |
| 36:33 | Raez · resign |
[ AI ANALYSIS · 1 CREDIT ]
What really happened in this match?
Wolo.gg analyzes every decision: build order, eco, micro, common mistakes by bracket. Personalized analysis on WhatsApp or Discord in 30 seconds.
Civ guide
Tupi
Map guide
Arabia
Perfil
Jugador #10321069